 Dungeon Crawl Stone Soup version 0.31.0-32-g396128a36d (webtiles) character file.

Game seed: 8265108282652849325

60 hawla the Firebug (level 3, -1/19 HPs)
             Began as a Deep Elf Fire Elementalist on Apr 15, 2024.
             Incinerated by a bombardier beetle (5 damage)
             ... with a burning spray
             ... on level 3 of the Dungeon.
             The game lasted 00:04:55 (2122 turns).

hawla the Firebug (Deep Elf Fire Elementalist)      Turns: 2122, Time: 00:04:55

Health: -1/19      AC:  3    Str:  7    XL:     3   Next: 82%
Magic:  0/10       EV: 12    Int: 19    God:
Gold:   72         SH:  0    Dex: 15    Spells: 7/10 levels left

rFire   . . .        r - +0 rapier
rCold   . . .        (no shield)
rNeg    . . .        a - +0 robe
rPois   .            (no helmet)
rElec   .            (no cloak)
rCorr   .            f - +0 pair of gloves
SInv    .            (no boots)
Will    .....        (no amulet)
Stlth   +            (no ring)
HPRegen 0.23/turn    (no ring)
MPRegen 0.12/turn

%: no passive effects
@: on fire, glowing
A: no striking features
a: no special abilities


You were on level 3 of the Dungeon.
You visited 1 branch of the dungeon, and saw 4 of its levels.

You collected 72 gold pieces.

Inventory:

Hand Weapons
 r - a +0 rapier (weapon)
Armour
 a - a +0 robe (worn)
 f - a +0 pair of gloves (worn)
Scrolls
 c - a scroll of amnesia
 k - a scroll of vulnerability {unknown}
 l - a scroll of poison {unknown}
 m - a scroll of brand weapon
 n - a scroll of teleportation {unknown}
 p - a scroll of blinking {unknown}
 q - a scroll of acquirement {unknown}
Potions
 b - a potion of heal wounds {unknown}
 d - a potion of curing {unknown}
 h - a potion of berserk rage {unknown}
 i - 2 potions of lignification {unknown}
 j - a potion of attraction {unknown}
 o - a potion of enlightenment {unknown}
 s - a potion of resistance {unknown}


   Skills:
 - Level 2.4 Dodging
 - Level 2.4 Stealth
 * Level 4.0 Spellcasting
 + Level 1.3 Conjurations
 + Level 4.5 Fire Magic
 + Level 0.4 Alchemy


You had 7 spell levels left.
You knew the following spells:

 Your Spells              Type           Power      Damage    Failure   Level
a - Foxfire               Conj/Fire      60%        2x1d7     4%          1
b - Scorch                Fire           42%        2d6       3%          2

Your spell library contained the following spells:

 Spells                   Type           Power      Damage    Failure   Level
 Inner Flame              Hex/Fire       12%        N/A       16%         3
 Volatile Blastmotes      Fire/Tloc      24%        2d12      16%         3
 Ensorcelled Hibernation  Hex/Ice        6%         N/A       21%         2
 Sublimation of Blood     Necr           3%         N/A       21%         2
 Passwall                 Erth           3%         N/A       38%         3
 Swiftness                Air            3%         N/A       38%         3
 Flame Wave               Conj/Fire      15%        2d7       38%         4
 Petrify                  Alch/Erth      4%         N/A       77%         4
 Irradiate                Conj/Alch      3%         3d12      95%         5


Dungeon Overview and Level Annotations

Branches:
Dungeon (4/15)
 Temple: D:4-7

Altars:
Kikubaaqudgha


Message History

Flames lash the ball python.
The ball python is heavily wounded.
The ball python's fire resistance burns away.
The foxfire hits the ball python.
The ball python is burned terribly!
You kill the ball python!
The foxfire hits the rat.
You kill the rat!
Casting: Scorch (safe; 3% risk of failure)
Confirm with . or Enter, or press ? or * to list all spells.
You conjure some foxfire!
Casting: Foxfire (safe; 4% risk of failure)
Confirm with . or Enter, or press ? or * to list all spells.
You conjure some foxfire!
The foxfire hits the bombardier beetle.
The bombardier beetle is lightly wounded.
The bombardier beetle sprays incendiary fluid at you.
The burning spray hits you.
You are covered in liquid fire!
Casting: Foxfire (safe; 4% risk of failure)
Confirm with . or Enter, or press ? or * to list all spells.
You conjure some foxfire!
The liquid fire burns you! The liquid fire burns you!
Your foxfire dissipates!
The foxfire hits the bombardier beetle.
The bombardier beetle is moderately wounded.
The foxfire hits the bombardier beetle.
The bombardier beetle is heavily wounded.
The foxfire hits the bombardier beetle but does no damage.
The bombardier beetle is heavily wounded.
Okay, then.
As you read the scroll of fear, it crumbles to dust.
You assume a fearsome visage.
The bombardier beetle looks frightened!
The liquid fire burns you!
* * * LOW HITPOINT WARNING * * *
The foxfire hits the bombardier beetle.
The bombardier beetle is heavily wounded.
Your attack snaps the bombardier beetle out of its fear.
You shake off some of the fire as you move.
The liquid fire burns you!
You die...

######### #........
#.#####.#
######.#####.# #
######..>[)..).##.# +.
#...##.##.#..#)##.#
#..
+.8.##.##.#..#.##..
#..
#...##.##.........#
#.†#.@.##.#####.#.....
#B.8.'..#####.######
#.#...##.......# #.
#...########.# . ..
+.8.# ####.####.. ##
#...# #.......#..
##### #.##.##....
#.##.##....
#....##....


You could see a bombardier beetle.

Vanquished Creatures
  An adder (D:2)
  An adder zombie (D:2)
  A dart slug (D:2)
  4 orcs (D:3)
  4 ball pythons
  A bat zombie (D:2)
  4 endoplasms
  3 giant cockroaches
  A goblin (D:1)
  3 hobgoblins
  2 quokkas (D:1)
  A ball python skeleton (D:2)
  3 bats
  2 frilled lizards
  2 kobolds
  6 rats
39 creatures vanquished.

Vanquished Creatures (others)
  91 foxfires
91 creatures vanquished.

Grand Total: 130 creatures vanquished

Notes
Turn   | Place    | Note
-------+----------+-------------------------------------------
     0 | D:1      | hawla the Deep Elf Fire Elementalist began the quest for
                  | the Orb.
     0 | D:1      | Reached XP level 1. HP: 10/10 MP: 6/6
   295 | D:1      | Reached XP level 2. HP: 8/15 MP: 5/8
   300 | D:1      | Learned a level 2 spell: Scorch
  1055 | D:2      | Found an ancient bone altar of Kikubaaqudgha.
  1588 | D:2      | Reached XP level 3. HP: 19/19 MP: 4/9
  1836 | D:3      | You fall into a shaft and drop 1 floor!
  2122 | D:3      | Incinerated by a bombardier beetle

Illustrated notes

Levels and vault maps discovered:
D:1:      dpeg_arrival_short_road, layout_loops_ring
D:2:      layout_loops_ring, basic_altar, serial_undead, serial_undead_a,
          serial_undead_e, serial_undead_d, serial_undead_a
D:3:      minmay_chambers_of_threes, layout_loops_cross, amcnicky_altar_gilded,
          trog_hazing_becter, minivault_5, uniq_jessica, uniq_crazy_yiuf_cottage
D:4:      gammafunk_steamed_eel, layout_loops_corners,
          nicolae_ashenzari_panopticon, minmay_temple_entry_waves,
          minmay_stone_trees_small, uniq_edmund, uniq_ijyb, uniq_duvessa

Skill      XL: |  1  2  3 |
---------------+----------+-----
Fire Magic     | 4 |  4.5
Spellcasting   | 4 |  4.0
Dodging        | |  2.4
Stealth        | |  2.4
Conjurations   | |  1.3
Alchemy        | |  0.4

Action                     || total
---------------------------++-------
  Melee: Unarmed           ||     3
         Rapier            ||     1
   Cast: Foxfire           ||    56
         Scorch            ||    10
    Use: Potion            ||     1
         Scroll            ||     5
 Armour: Robe              ||    18
  Dodge: Dodged            ||    19
